 Dungeon Crawl Stone Soup version 0.25-a0-164-gb55e97d (webtiles) character file.

Game seed: 2018409390704641943, levelgen mode: deterministic

32 HungryMoth the Poker (level 3, -3/29 HPs)
             Began as a Formicid Monk on Nov 23, 2019.
             Slain by a water moccasin (8 damage)
             ... on level 7 of the Dungeon.
             The game lasted 00:04:39 (1679 turns).

HungryMoth the Poker (Formicid Monk)                Turns: 1679, Time: 00:04:39

Health: -3/29      AC:  7    Str: 15    XL:     3   Next: 42%
Magic:  3/3        EV: 11    Int:  9    God:
Gold:   109        SH:  0    Dex: 14    Spells: 2/2 levels left

rFire    . . .     SeeInvis +   a - +0 spear
rCold    . . .     Gourm    .   (no shield)
rNeg     . . .     Faith    .   j - +0 ring mail
rPois    .         Spirit   .   (helmet unavailable)
rElec    +         Reflect  .   (no cloak)
rCorr    .         Harm     +   (no gloves)
MR       .....                  (no boots)
Stlth    +.........             f - amulet of harm (curse)
HPRegen  0.09/turn              (no ring)
MPRegen  0.08/turn              k - ring of flight

@: no status effects
A: permanent stasis, dig shafts and tunnels, four strong arms, antennae 3, icy
blue scales 1, sense surroundings 1, electricity resistance
a: Dig, Shaft Self, Evoke Flight


You were on level 7 of the Dungeon.
You were hungry.

You visited 1 branch of the dungeon, and saw 5 of its levels.

You collected 109 gold pieces.

Inventory:

Hand Weapons
 a - a +0 spear (weapon)
Armour
 b - a +0 robe
 j - a +0 ring mail (worn)
Jewellery
 f - a cursed amulet of harm (around neck)
 k - a ring of flight (right hand)
Scrolls
 e - a scroll of magic mapping {unknown}
 h - 2 scrolls of identify {unknown}
 m - a scroll of remove curse {unknown}
 n - a scroll of teleportation {unknown}
Potions
 g - a potion of mutation
 i - a potion of curing
 l - a potion of berserk rage {unknown}
 o - 2 potions of haste {unknown}
 p - 2 potions of brilliance {unknown}
Comestibles
 c - 6 rations


   Skills:
 - Level 3.2 Fighting
 + Level 4.3 Polearms
 - Level 2.6 Dodging
 - Level 2.4 Stealth


You had 2 spell levels left.
You didn't know any spells.
Your spell library was empty.

Dungeon Overview and Level Annotations

Branches:
Dungeon (7/15)
 Temple: D:4-7

Altars:


Innate Abilities, Weirdness & Mutations

You cannot be hasted, slowed, berserked, paralysed or teleported.
You can dig through walls and to a lower floor.
Your four strong arms can wield two-handed weapons with a shield.
You have a pair of large antennae on your head. (SInv)
You are partially covered in icy blue scales. (AC +2)
You passively map a small area around you.
You are resistant to electric shocks. (rElec)


Message History

* * * LOW HITPOINT WARNING * * *
You are more poisoned.
The water moccasin poisons you!
You miss the water moccasin.
The water moccasin is severely wounded.
* * * LOW HITPOINT WARNING * * *
You feel sick. The water moccasin bites you.
* * * LOW HITPOINT WARNING * * *
You are more poisoned.
The water moccasin poisons you!
You feel better.
The water moccasin bites you but does no damage.
You hit the water moccasin.
The water moccasin is almost dead.
The water moccasin bites you.
* * * LOW HITPOINT WARNING * * *
You miss the water moccasin.
The water moccasin is almost dead.
The water moccasin bites you!
You die...

....# ,#.S.#
#...# *...# © ©
, *#..# , , ..#
######.#
#...##.## ,
#...@S..# *
**#...###.######
#....^.......#
#...###=.##.##
#...###...#{
###.#....>#
#.#.#.#.#.#
#.#.#.#.#$#
#.#.#.#.#.#


You could see a water moccasin.

Vanquished Creatures
  5 bats
  3 giant cockroaches
  2 hobgoblins
  4 jackals (D:2)
  3 frilled lizards
  5 goblins
  3 kobolds (D:1)
  6 rats
31 creatures vanquished.

Notes
Turn   | Place    | Note
-------+----------+-------------------------------------------
     0 | D:1      | HungryMoth the Formicid Monk began the quest for the Orb.
     0 | D:1      | Reached XP level 1. HP: 18/18 MP: 1/1
   234 | D:1      | Reached XP level 2. HP: 23/24 MP: 2/2
   656 | D:2      | Reached skill level 4 in Polearms
   656 | D:2      | Reached XP level 3. HP: 29/29 MP: 3/3
  1323 | D:2      | You fall into a shaft and drop 2 floors!
  1332 | D:4      | You fall into a shaft and drop 2 floors!
  1333 | D:6      | Gained mutation: You are resistant to electric shocks.
                  | (rElec) [potion of mutation]
  1333 | D:6      | Gained mutation: You passively map a small area around you.
                  | [potion of mutation]
  1333 | D:6      | Gained mutation: You are partially covered in icy blue
                  | scales. (AC +2) [potion of mutation]
  1665 | D:7      | Noticed a water moccasin
  1676 | D:7      | HP: 1/29 [water moccasin (4)]
  1679 | D:7      | Slain by a water moccasin

Levels and vault maps discovered:
D:1:      dpeg_arrival_long_road, layout_basic
D:2:      layout_basic
D:4:      layout_gridville, kennysheep_mini, yredelemnul_altar_generic,
          kennysheep_okawaru_gauntlet, uniq_duvessa
D:6:      layout_cave_pools, minmay_temple_entry_junction_2
D:7:      gammafunk_steamed_eel, layout_basic, minitemple,
          overflow_temple_1_default, overflow_temple_1_default, uniq_harold,
          uniq_prince_ribbit1

Skill      XL: |  1  2 |
---------------+-------+-----
Polearms       | 4 |  4.3
Fighting       | |  3.2
Dodging        | |  2.6
Stealth        | |  2.4

Action                   || total
-------------------------++-------
Melee: Spear             ||   119
 Abil: Dig               ||     1
       Shaft Self        ||     1
  Use: Potion            ||     3
 Stab: Sleeping          ||     6
  Eat: Chunk             ||     2
Armor: Robe              ||    12
       Ring mail         ||    38
Dodge: Dodged            ||    74

Table legend:
 A = Non-vault XP
 B = Vault XP
 C = Vault XP percentage of total XP
 D = Non-vault monster count
 E = Vault monster count
 F = Vault count percentage of total count
                 A         B        C        D         E       F
            +---------+---------+-------+---------+---------+-------
      Total |      46 |       0 |   0.0 |      31 |       0 |   0.0
            +---------+---------+-------+---------+---------+-------
        D:1 |      28 |       0 |   0.0 |      21 |       0 |   0.0
        D:2 |      18 |       0 |   0.0 |      10 |       0 |   0.0
            +---------+---------+-------+---------+---------+-------
